 Dungeon Crawl Stone Soup version 0.29.1-13-g9f3cf754e1 (webtiles) character file.

Game seed: 1528504702026486045

1310 nshep25 the Cleaver (level 8, -1/69 HPs)
             Began as a Minotaur Fighter on Jan 19, 2023.
             Slain by a lemure (7 damage)
             ... led by Pikel
             ... on level 5 of the Dungeon.
             The game lasted 00:06:54 (4723 turns).

nshep25 the Cleaver (Minotaur Fighter)              Turns: 4723, Time: 00:06:55

Health: -1/69      AC:  2    Str: 22    XL:     8   Next: 32%
Magic:  7/7        EV:  8    Int:  5    God:
Gold:   224        SH:  5    Dex: 11    Spells: 7/7 levels left

rFire   . . .      SeeInvis .   a - +0 war axe
rCold   . . .      Faith    .   c - +0 buckler
rNeg    . . .      Spirit   .   n - +0 chain mail
rPois   .          Reflect  .   (helmet restricted)
rElec   .          Harm     .   z - +1 cloak
rCorr   .          Rampage  .   u - +0 pair of gloves
Will    .....                   (no boots)
Stlth   ..........              (no amulet)
HPRegen 0.21/turn               (no ring)
MPRegen 0.10/turn               (no ring)

@: corroded
A: horns 2, retaliatory headbutt
a: no special abilities


You were on level 5 of the Dungeon.
You visited 1 branch of the dungeon, and saw 5 of its levels.

You collected 224 gold pieces.

Inventory:

Hand Weapons
 a - a +0 war axe (weapon)
Missiles
 w - 5 poisoned darts (quivered)
Armour
 b - a +0 scale mail
 c - a +0 buckler (worn)
 n - a +0 chain mail (worn)
 u - a +0 pair of gloves (worn)
 z - a +1 cloak (worn)
Jewellery
 s - an amulet of magic regeneration
Scrolls
 e - 7 scrolls of identify {unknown}
 j - a scroll of fear {unknown}
 l - a scroll of amnesia {unknown}
 o - a scroll of fog {unknown}
 p - 3 scrolls of blinking {unknown}
 r - 2 scrolls of immolation {unknown}
 v - 3 scrolls of teleportation {unknown}
 x - a scroll of silence {unknown}
 y - a scroll of brand weapon {unknown}
 A - a scroll of magic mapping {unknown}
 B - a scroll of enchant weapon {unknown}
Potions
 d - a potion of might
 f - 3 potions of mutation {unknown}
 g - 2 potions of resistance {unknown}
 h - a potion of ambrosia {unknown}
 i - 2 potions of flight {unknown}
 k - 3 potions of curing {unknown}
 m - 2 potions of heal wounds
 q - a potion of cancellation {unknown}
 t - a potion of degeneration {unknown}


   Skills:
 + Level 5.6 Fighting
 + Level 8.3 Axes
 + Level 7.4 Armour
 + Level 2.2 Dodging
 + Level 0.3 Stealth
 + Level 5.3 Shields


You had 7 spell levels left.
You didn't know any spells.
Your spell library was empty.

Dungeon Overview and Level Annotations

Branches:
Dungeon (5/15)
 Temple: D:4-7

Altars:
Cheibriados
Kikubaaqudgha
Qazlal

Shops:
D:2 *

Annotations:
D:5 Pikel


Innate Abilities, Weirdness & Mutations

You have a pair of horns on your head.
You reflexively headbutt those who attack you in melee.


Message History

There is an open door here.
You slash Pikel! You headbutt Pikel, but do no damage.
Pikel is moderately wounded.
You hit the lemure. Pikel barely misses you. The lemure hits you.
You hit Pikel. You headbutt Pikel.
Pikel is heavily wounded.
You hit the lemure. The lemure hits you but does no damage.
Pikel barely misses you.
You slash Pikel! Your headbutt misses Pikel.
Pikel is severely wounded.
You hit the lemure. The lemure barely misses you.
Pikel zaps a wand.
The bolt of acid hits you! The acid corrodes you!
You hit Pikel but do no damage. You headbutt Pikel, but do no damage.
Pikel is severely wounded.
You hit the lemure. The lemure hits you but does no damage.
Pikel zaps a wand.
The bolt of acid hits you!
You barely miss Pikel. Your headbutt misses Pikel.
Pikel is severely wounded.
You slash the lemure!
Pikel cracks his whip.
You block Pikel's attack. The lemure closely misses you.
You closely miss Pikel. You headbutt Pikel, but do no damage.
Pikel is severely wounded.
You hit the lemure. Pikel barely misses you. You block the lemure's attack.
You closely miss Pikel. You headbutt Pikel.
Pikel is severely wounded.
You barely miss the lemure.
Pikel zaps a wand.
The bolt of acid hits you! The acid corrodes you!
You block the lemure's attack.
Pikel zaps a wand.
The bolt of acid hits you!
* * * LOW HITPOINT WARNING * * *
The lemure hits you.
* * * LOW HITPOINT WARNING * * *
Pikel zaps a wand.
The bolt of acid hits you!
* * * LOW HITPOINT WARNING * * *
The acid corrodes you!
The now-empty wand crumbles to dust.
The lemure attacks as you move away! The lemure barely misses you.
You furiously retaliate!
You headbutt the lemure, but do no damage.
The lemure attacks as you move away! The lemure hits you!
You die...

##. +.....
##..##....
##........#
##.........#
.#..........#
............#
............#
........K5..#####
.....#'##@.....#
... #..#......# .
#55#......#
#..#......#
#..#..(...#
#..#......#
##.#......######
.##+##........
#........


You could see Pikel and a lemure.

Vanquished Creatures
  Sigmund (D:4)
  Menkaure (D:4)
  Duvessa (D:4)
  A phantom (D:4)
  A scorpion (D:4)
  2 necrophages (D:4)
  A wight (D:4)
  Dowan (D:4)
  A hound (D:4)
  A jelly (D:4)
  A human zombie (D:4)
  An orc priest (D:4)
  An iron imp (D:3)
  An iguana (D:3)
  4 scorpion zombies (D:4)
  3 orc wizards (D:4)
  4 mummies (D:4)
  7 adders
  An ufetubus (D:5)
  2 worms
  2 dart slugs
  16 orcs
  5 ball pythons
  3 endoplasms
  A giant cockroach (D:3)
  9 goblins
  9 hobgoblins
  4 jackals (D:3)
  7 kobolds
  2 quokkas
  9 bats
  A frilled lizard (D:1)
  6 rats
110 creatures vanquished.

Vanquished Creatures (others)
  3 plants (D:2)
3 creatures vanquished.

Grand Total: 113 creatures vanquished

Notes
Turn   | Place    | Note
-------+----------+-------------------------------------------
     0 | D:1      | nshep25 the Minotaur Fighter began the quest for the Orb.
     0 | D:1      | Reached XP level 1. HP: 19/19 MP: 0/0
   140 | D:1      | Reached XP level 2. HP: 26/27 MP: 1/1
  1159 | D:2      | Found Akaloz's Assorted Antiques.
  1348 | D:2      | Reached XP level 3. HP: 27/33 MP: 2/2
  1642 | D:3      | Found a faded altar of an unknown god.
  1663 | D:3      | Reached skill level 3 in Axes
  1663 | D:3      | Reached XP level 4. HP: 34/40 MP: 3/3
  1859 | D:3      | Reached skill level 5 in Armour
  2113 | D:3      | Found a snail-covered altar of Cheibriados.
  2120 | D:3      | Reached XP level 5. HP: 47/47 MP: 4/4
  2756 | D:4      | Reached skill level 4 in Axes
  2756 | D:4      | Reached skill level 1 in Dodging
  2765 | D:4      | Noticed Duvessa
  2766 | D:4      | Noticed Dowan
  2778 | D:4      | Killed Duvessa
  2779 | D:4      | Reached XP level 6. HP: 6/53 MP: 5/5
  2792 | D:4      | Killed Dowan
  2793 | D:4      | Reached skill level 5 in Axes
  3299 | D:4      | Found a stormy altar of Qazlal.
  3299 | D:4      | Noticed Menkaure
  3319 | D:4      | Killed Menkaure
  3320 | D:4      | Reached skill level 5 in Fighting
  3320 | D:4      | Reached skill level 6 in Axes
  3320 | D:4      | Reached XP level 7. HP: 29/61 MP: 6/6
  3511 | D:4      | Noticed Sigmund
  3522 | D:4      | Killed Sigmund
  3523 | D:4      | Reached skill level 5 in Shields
  3977 | D:4      | Reached skill level 7 in Axes
  4087 | D:4      | Found an ancient bone altar of Kikubaaqudgha.
  4121 | D:4      | Reached XP level 8. HP: 69/69 MP: 7/7
  4487 | D:4      | Reached skill level 8 in Axes
  4689 | D:5      | Entered Level 5 of the Dungeon
  4711 | D:5      | Noticed Pikel
  4723 | D:5      | Slain by a lemure

Illustrated notes

Levels and vault maps discovered:
D:1:      mrwooster_arrival_arrow, layout_basic
D:2:      layout_basic, serial_shops, nicolae_shop_overgrown_old_shop,
          minmay_vboxes
D:3:      minmay_skewed_foursquare, layout_basic, slow_altar_1,
          hellmonk_ecumenical_altar_lost_god
D:4:      layout_loops_ring, mainiacjoe_overflow_paths,
          lemuel_mausoleum_altar_kikubaaqudgha, uniq_duvessa, uniq_sigmund,
          uniq_menkaure
D:5:      layout_gridville, nemelex_diamond_rough_becter,
          mainiacjoe_overflow_24_doors, corexii_corridor_pit, chequers_garden,
          kennysheep_donut, uniq_pikel, uniq_blork_the_orc, uniq_eustachio

Skill      XL: |  1  2  3  4  5  6  7  8 |
---------------+-------------------------+-----
Armour         | 4 5 6 7 |  7.4
Fighting       | 4 5 |  5.6
Shields        | 4 5 |  5.3
Axes           | 3 4 6 7 8 |  8.3
Dodging        | 1 2 |  2.2
Stealth        | |  0.3

Action                   |  1- 3 |  4- 6 |  7- 9 || total
-------------------------+-------+-------+-------++-------
Melee: War axe           |    80 |   124 |   112 ||   316
       Headbutt          |    13 |    14 |    21 ||    48
  Use: Potion            |       |     1 |       ||     1
Armor: Scale mail        |    13 |       |       ||    13
       Chain mail        |    46 |    78 |    49 ||   173
Dodge: Dodged            |    48 |    38 |    29 ||   115
Block: Buckler           |    17 |    37 |    24 ||    78
